| TOP OF THE 1ST |
|
Charlotte Knights batting - Pitching for Pawtucket Red Sox : RHP Antonio Perez
|
|
Pitching: RHP Antonio Perez
|
|
|
Batting: LHB Hirakito Herring
|
0-0: Ball 1-0: Swinging Strike 1-1: Swinging Strike 1-2: Strikes out swinging
|
|
Batting: RHB Jeff Brower
|
0-0: Ball 1-0: Swinging Strike 1-1: Foul Ball, location: 2F 1-2: Ball 2-2: Strikes out swinging
|
|
Batting: LHB Jorge Rosales
|
0-0: Ball 1-0: Called Strike 1-1: Swinging Strike 1-2: Ball 2-2: Strikes out swinging
|
| Top of the 1st over - 0 runs, 0 hits, 0 errors, 0 left on base; Charlotte 0 - Pawtucket 0 |
| BOTTOM OF THE 1ST |
|
Pawtucket Red Sox batting - Pitching for Charlotte Knights : RHP Xenophon Valvis
|
|
Pitching: RHP Xenophon Valvis
|
|
|
Batting: RHB Mike Quackenbush
|
0-0: Called Strike 0-1: Swinging Strike 0-2: Ball 1-2: Ball 2-2: Foul Ball, location: 2F 2-2: Fly out, F7 (Line Drive, 7D, EV 88.1 MPH)
|
|
Batting: SHB Ben Ervin
|
0-0: Swinging Strike 0-1: Ball 1-1: Foul Ball, location: 2F 1-2: Ball 2-2: Strikes out swinging
|
|
Batting: RHB Marty King
|
0-0: Foul Ball, location: 2F 0-1: Ball 1-1: Ball 2-1: SINGLE (Groundball, 6MD, EV 100.6 MPH)
|
|
Batting: SHB Marvin Lawrence
|
0-0: Called Strike 0-1: Swinging Strike Passed Ball! Marty King to second 0-2: Foul Ball, location: 2F 0-2: Strikes out looking
|
| Bottom of the 1st over - 0 runs, 1 hit, 0 errors, 1 left on base; Charlotte 0 - Pawtucket 0 |
| TOP OF THE 2ND |
|
Charlotte Knights batting - Pitching for Pawtucket Red Sox : RHP Antonio Perez
|
|
Batting: LHB Brian Dickeson
|
0-0: Ball 1-0: Called Strike 1-1: Called Strike 1-2: Ground out 1-3 (Groundball, 13S, EV 68.8 MPH)
|
|
Batting: RHB Will Washburn
|
0-0: Called Strike 0-1: Ground out U3 (Groundball, 3, EV 108.8 MPH)
|
|
Batting: LHB Jake Goddard
|
0-0: Called Strike 0-1: Ground out 6-3 (Groundball, 4D, EV 89.4 MPH)
|
| Top of the 2nd over - 0 runs, 0 hits, 0 errors, 0 left on base; Charlotte 0 - Pawtucket 0 |
| BOTTOM OF THE 2ND |
|
Pawtucket Red Sox batting - Pitching for Charlotte Knights : RHP Xenophon Valvis
|
|
Batting: RHB Scott Treider
|
0-0: SOLO HOME RUN (Flyball, 78XD, EV 99.4 MPH), Distance : 383 ft
|
|
Batting: LHB Mike Mentzer
|
0-0: Ball 1-0: Foul Ball, location: 2F 1-1: Ball 2-1: Ground out 4-3 (Groundball, 4, EV 81.9 MPH)
|
|
Batting: RHB Garry Hash
|
0-0: DOUBLE (Flyball, 8LD, EV 110.0 MPH)
|
|
Batting: RHB Xavier Joslin
|
0-0: Called Strike Garry Hash steals 3rd base 0-1: Ground out 4-3 (Groundball, 4, EV 81.9 MPH) Garry Hash scores
|
|
Batting: SHB Gus Cruz
|
0-0: Ball 1-0: Ground out 6-3 (Groundball, 6, EV 105.6 MPH)
|
| Bottom of the 2nd over - 2 runs, 2 hits, 0 errors, 0 left on base; Charlotte 0 - Pawtucket 2 |
| TOP OF THE 3RD |
|
Charlotte Knights batting - Pitching for Pawtucket Red Sox : RHP Antonio Perez
|
|
Batting: RHB Erik Christensen
|
0-0: Fly out, F6 (Popup, 6, EV 75.6 MPH)
|
|
Batting: RHB Harvey Harvey
|
0-0: Foul Ball, location: 2F 0-1: Ground out 6-3 (Groundball, 6, EV 99.4 MPH)
|
|
Batting: RHB Justin Harris
|
0-0: Foul Ball, location: 2F 0-1: Ball 1-1: Foul Ball, location: 2F 1-2: Ball 2-2: Ball 3-2: Base on Balls
|
|
Batting: LHB Hirakito Herring
|
0-0: Ball 1-0: Ball 2-0: Ball 3-0: Base on Balls Justin Harris to second
|
|
Batting: RHB Jeff Brower
|
0-0: Called Strike 0-1: Ball 1-1: Swinging Strike 1-2: Strikes out looking
|
| Top of the 3rd over - 0 runs, 0 hits, 0 errors, 2 left on base; Charlotte 0 - Pawtucket 2 |
| BOTTOM OF THE 3RD |
|
Pawtucket Red Sox batting - Pitching for Charlotte Knights : RHP Xenophon Valvis
|
|
Batting: RHB Mike Quackenbush
|
0-0: Called Strike 0-1: Ball 1-1: Foul Ball, location: 2F 1-2: SOLO HOME RUN (Flyball, 78XD, EV 96.3 MPH), Distance : 380 ft
|
|
Batting: SHB Ben Ervin
|
0-0: Ball 1-0: Ball 2-0: Ball 3-0: Base on Balls
|
|
Batting: RHB Marty King
|
0-0: Ball 1-0: Foul Ball, location: 2F 1-1: Foul Ball, location: 2F 1-2: SINGLE (Flyball, 9LS, EV 93.1 MPH) Ben Ervin to second Runner from 2nd tries for 3rd, OUT! 9-5
|
|
Batting: SHB Marvin Lawrence
|
0-0: Ball 1-0: Grounds into double play, 4-6-3 (Groundball, 4, EV 101.9 MPH)
|
| Bottom of the 3rd over - 1 run, 2 hits, 0 errors, 0 left on base; Charlotte 0 - Pawtucket 3 |
| TOP OF THE 4TH |
|
Charlotte Knights batting - Pitching for Pawtucket Red Sox : RHP Antonio Perez
|
|
Batting: LHB Jorge Rosales
|
0-0: Fly out, F8 (Flyball, 8LD, EV 90.0 MPH)
|
|
Batting: LHB Brian Dickeson
|
0-0: Called Strike 0-1: Ball 1-1: Ball 2-1: Foul Ball, location: 2F 2-2: Strikes out swinging
|
|
Batting: RHB Will Washburn
|
0-0: Ball 1-0: Ball 2-0: Ball 3-0: Base on Balls
|
|
Batting: LHB Jake Goddard
|
0-0: Ball 1-0: DOUBLE (Line Drive, 78D, EV 100.6 MPH) Will Washburn to third Runner from 3rd tries for Home, SAFE, throw by LF to trailing runner, SAFE at third!
|
|
Batting: RHB Erik Christensen
|
0-0: Ball 1-0: Called Strike 1-1: Ball 2-1: Ground out 6-3 (Groundball, 6, EV 110.0 MPH)
|
| Top of the 4th over - 1 run, 1 hit, 0 errors, 1 left on base; Charlotte 1 - Pawtucket 3 |
| BOTTOM OF THE 4TH |
|
Pawtucket Red Sox batting - Pitching for Charlotte Knights : RHP Xenophon Valvis
|
|
Batting: RHB Scott Treider
|
0-0: Ball 1-0: Called Strike 1-1: Ball 2-1: SINGLE (Flyball, 4D, EV 89.4 MPH)
|
|
Batting: LHB Mike Mentzer
|
0-0: Ball 1-0: Fielders Choice at 2nd, 1-4 (Groundball, 15S, EV 73.8 MPH)
|
|
Batting: RHB Garry Hash
|
0-0: Ball 1-0: Fly out, F9 (Flyball, 9D, EV 90.6 MPH)
|
|
Batting: RHB Xavier Joslin
|
0-0: Ball 1-0: Swinging Strike 1-1: Ball 2-1: Ground out 6-3 (Groundball, 6S, EV 83.8 MPH)
|
| Bottom of the 4th over - 0 runs, 1 hit, 0 errors, 1 left on base; Charlotte 1 - Pawtucket 3 |
| TOP OF THE 5TH |
|
Charlotte Knights batting - Pitching for Pawtucket Red Sox : RHP Antonio Perez
|
|
Batting: RHB Harvey Harvey
|
0-0: Called Strike 0-1: Foul Ball, location: 2F 0-2: Foul Ball, location: 2F 0-2: Strikes out swinging
|
|
Batting: RHB Justin Harris
|
0-0: Ball 1-0: Ball 2-0: Ball 3-0: Called Strike 3-1: Called Strike 3-2: Foul Ball, location: 2F 3-2: Foul Ball, location: 2F 3-2: Ground out U3 (Groundball, 13, EV 87.5 MPH)
|
|
Batting: LHB Hirakito Herring
|
0-0: Ball 1-0: Ball 2-0: Called Strike 2-1: SINGLE (Flyball, 56D, EV 91.3 MPH)
|
|
Batting: RHB Jeff Brower
|
0-0: Called Strike 0-1: Ball 1-1: Foul Ball, location: 2F 1-2: Fly out, F8 (Flyball, 89D, EV 93.8 MPH)
|
| Top of the 5th over - 0 runs, 1 hit, 0 errors, 1 left on base; Charlotte 1 - Pawtucket 3 |
| BOTTOM OF THE 5TH |
|
Pawtucket Red Sox batting - Pitching for Charlotte Knights : RHP Xenophon Valvis
|
|
Batting: SHB Gus Cruz
|
0-0: Foul Ball, location: 2F 0-1: Ball 1-1: Foul Ball, location: 2F 1-2: Strikes out swinging, 2-3 out at first.
|
|
Batting: RHB Mike Quackenbush
|
0-0: Ball 1-0: Ball 2-0: Foul Ball, location: 2F 2-1: SINGLE (Line Drive, 8LS, EV 94.4 MPH)
|
|
Batting: SHB Ben Ervin
|
0-0: Called Strike 0-1: Called Strike 0-2: Strikes out looking
|
|
Batting: RHB Marty King
|
0-0: Ground out 1-3 (Groundball, 15S, EV 75.6 MPH)
|
| Bottom of the 5th over - 0 runs, 1 hit, 0 errors, 1 left on base; Charlotte 1 - Pawtucket 3 |
| TOP OF THE 6TH |
|
Charlotte Knights batting - Pitching for Pawtucket Red Sox : RHP Antonio Perez
|
|
Batting: LHB Jorge Rosales
|
0-0: Called Strike 0-1: Ball 1-1: Single, Error in OF, E9, batter to second base (Groundball, 34D, EV 105.6 MPH)
|
|
Batting: LHB Brian Dickeson
|
0-0: Ball 1-0: Called Strike 1-1: Called Strike 1-2: Ball 2-2: Foul Ball, location: 2F 2-2: Ball 3-2: Foul Ball, location: 2F 3-2: Foul Ball, location: 2F 3-2: Strikes out swinging
|
|
Batting: RHB Will Washburn
|
0-0: Hit by Pitch
|
|
Batting: LHB Jake Goddard
|
0-0: Called Strike 0-1: Ball 1-1: Fielders Choice at 2nd, 6-4 (Groundball, 6, EV 85.0 MPH) Jorge Rosales to third
|
|
Batting: RHB Erik Christensen
|
0-0: Called Strike 0-1: Called Strike 0-2: Ball Passed Ball! Jorge Rosales scores Jake Goddard to second 1-2: Ball 2-2: Ball 3-2: Base on Balls
|
|
Batting: RHB Harvey Harvey
|
0-0: Called Strike 0-1: Foul Ball, location: 2F 0-2: Fly out, F9 (Flyball, 9, EV 90.6 MPH)
|
| Top of the 6th over - 1 run, 1 hit, 1 error, 2 left on base; Charlotte 2 - Pawtucket 3 |
| BOTTOM OF THE 6TH |
|
Pawtucket Red Sox batting - Pitching for Charlotte Knights : RHP Xenophon Valvis
|
|
Batting: SHB Marvin Lawrence
|
0-0: Ball 1-0: Called Strike 1-1: Ball 2-1: Called Strike 2-2: Ball 3-2: Foul Ball, location: 2F 3-2: Strikes out swinging
|
|
Batting: RHB Scott Treider
|
0-0: Fly out, F7 (Flyball, 7, EV 91.3 MPH)
|
|
Batting: LHB Mike Mentzer
|
0-0: Swinging Strike 0-1: Called Strike 0-2: Ground out U3 (Groundball, 3S, EV 95.0 MPH)
|
| Bottom of the 6th over - 0 runs, 0 hits, 0 errors, 0 left on base; Charlotte 2 - Pawtucket 3 |
| TOP OF THE 7TH |
|
Charlotte Knights batting - Pitching for Pawtucket Red Sox : RHP Antonio Perez
|
|
Pitching: RHP John McLeod
|
|
|
Batting: RHB Justin Harris
|
0-0: Foul Ball, location: 2F 0-1: Called Strike 0-2: Strikes out swinging
|
|
Batting: LHB Hirakito Herring
|
0-0: Ball 1-0: Ball 2-0: Called Strike 2-1: Called Strike 2-2: Strikes out looking
|
|
Batting: RHB Jeff Brower
|
0-0: Ground out U3 (Groundball, 3, EV 86.3 MPH)
|
| Top of the 7th over - 0 runs, 0 hits, 0 errors, 0 left on base; Charlotte 2 - Pawtucket 3 |
| BOTTOM OF THE 7TH |
|
Pawtucket Red Sox batting - Pitching for Charlotte Knights : RHP Xenophon Valvis
|
|
Batting: RHB Garry Hash
|
0-0: Ball 1-0: Ball 2-0: SINGLE (Groundball, 4M, EV 86.3 MPH) (infield hit)
|
|
Batting: RHB Xavier Joslin
|
0-0: Ball Garry Hash steals 2nd base 1-0: SINGLE (Groundball, 6D, EV 106.9 MPH) Garry Hash to third Runner from 3rd tries for Home, SAFE, throw by CF to home Xavier Joslin to second
|
|
Batting: SHB Gus Cruz
|
0-0: Swinging Strike 0-1: Foul Ball, location: 2F 0-2: Ground out 6-3 (Groundball, 6S, EV 83.1 MPH)
|
|
Batting: RHB Mike Quackenbush
|
0-0: Called Strike 0-1: Ball 1-1: Ground out 5-3 (Groundball, 56S, EV 88.1 MPH)
|
|
Batting: SHB Ben Ervin
|
0-0: Foul Ball, location: 2F 0-1: Called Strike 0-2: Ball 1-2: Ground out 6-3 (Groundball, 4M, EV 102.5 MPH)
|
| Bottom of the 7th over - 1 run, 2 hits, 0 errors, 1 left on base; Charlotte 2 - Pawtucket 4 |
| TOP OF THE 8TH |
|
Charlotte Knights batting - Pitching for Pawtucket Red Sox : RHP John McLeod
|
|
Batting: LHB Jorge Rosales
|
0-0: Called Strike 0-1: Called Strike 0-2: Foul Ball, location: 2F 0-2: Ball 1-2: Strikes out swinging
|
|
Batting: LHB Brian Dickeson
|
0-0: Called Strike 0-1: Ball 1-1: Ball 2-1: Ball 3-1: Base on Balls
|
|
Batting: RHB Will Washburn
|
0-0: Ball 1-0: Called Strike 1-1: Foul Ball, location: 2F 1-2: Foul Ball, location: 2F 1-2: Ball 2-2: Strikes out swinging
|
|
Batting: LHB Jake Goddard
|
0-0: Ball 1-0: Ball 2-0: Called Strike 2-1: Ball 3-1: Swinging Strike 3-2: Base on Balls Brian Dickeson to second
|
|
Pitching: RHP John Jordan
|
|
|
Batting: RHB Erik Christensen
|
0-0: Fielders Choice at 2nd, 6-4 (Groundball, 6, EV 90.6 MPH)
|
| Top of the 8th over - 0 runs, 0 hits, 0 errors, 2 left on base; Charlotte 2 - Pawtucket 4 |
| BOTTOM OF THE 8TH |
|
Pawtucket Red Sox batting - Pitching for Charlotte Knights : RHP Xenophon Valvis
|
|
Batting: RHB Marty King
|
0-0: Ball 1-0: Ball 2-0: DOUBLE (Line Drive, 5D, EV 96.3 MPH)
|
|
Batting: SHB Marvin Lawrence
|
0-0: Ball 1-0: Ball 2-0: Ball 3-0: Called Strike 3-1: Swinging Strike 3-2: Strikes out swinging
|
|
Pitching: LHP Joel Campbell
|
|
|
Batting: RHB Scott Treider
|
0-0: Called Strike 0-1: Called Strike 0-2: Ball 1-2: Strikes out swinging
|
|
Batting: LHB Mike Mentzer
|
0-0: Ball 1-0: Fly out, F8 (Flyball, 8LD, EV 90.6 MPH)
|
| Bottom of the 8th over - 0 runs, 1 hit, 0 errors, 1 left on base; Charlotte 2 - Pawtucket 4 |
| TOP OF THE 9TH |
|
Charlotte Knights batting - Pitching for Pawtucket Red Sox : RHP John Jordan
|
|
Pinch Hitting: RHB Darwin Mills
|
0-0: Called Strike 0-1: Ball 1-1: Swinging Strike 1-2: Ball 2-2: Foul Ball, location: 2F 2-2: Strikes out swinging
|
|
Batting: RHB Justin Harris
|
0-0: Ball 1-0: Swinging Strike 1-1: Called Strike 1-2: Foul Ball, location: 2F 1-2: Foul Ball, location: 2F 1-2: Strikes out swinging
|
|
Batting: LHB Hirakito Herring
|
0-0: Ball 1-0: DOUBLE (Groundball, 3L, EV 104.4 MPH)
|
|
Batting: RHB Jeff Brower
|
0-0: Ball 1-0: Called Strike 1-1: Ball 2-1: Called Strike 2-2: Strikes out swinging
|
| Top of the 9th over - 0 runs, 1 hit, 0 errors, 1 left on base; Charlotte 2 - Pawtucket 4 |
|